 Dungeon Crawl Stone Soup version 0.22-a0-348-gd16d139 (webtiles) character file.

4643 grindst0ne the Martial Artist (level 10, -2/76 HPs)
             Began as a Gnoll Transmuter on Apr 10, 2018.
             Was a Priest of Cheibriados.
             Slain by a basilisk (14 damage)
             ... on level 8 of the Dungeon.
             The game lasted 00:16:00 (9405 turns).

grindst0ne the Martial Artist (Gnoll Transmuter)    Turns: 9405, Time: 00:16:01

Health: -2/76      AC:  4    Str: 21    XL:     10   Next: 43%
Magic:  16/20      EV: 18    Int: 25    God:    Cheibriados [***...]
Gold:   325        SH:  0    Dex: 22    Spells: 12/23 levels left

rFire    . . .     SeeInvis .     - Unarmed
rCold    . . .     Gourm    .   (no shield)
rNeg     . . .     Faith    .   b - +0 robe
rPois    .         Spirit   .   s - +0 helmet
rElec    .         Reflect  .   t - scarf {repulsion}
rCorr    .         Harm     .   B - +0 pair of gloves
MR       +....                  (no boots)
Stlth    +++.......             (no amulet)
HPRegen  0.22/turn              u - ring of protection from magic
MPRegen  0.17/turn              (no ring)

@: repel missiles, very slow
A: distributed training, fangs 1, strong nose
a: Bend Time, Temporal Distortion, Renounce Religion


You were on level 8 of the Dungeon.
You worshipped Cheibriados.
Cheibriados was most pleased with you.
You were not hungry.

You visited 2 branches of the dungeon, and saw 9 of its levels.

You collected 477 gold pieces.
You spent 152 gold pieces at shops.

Inventory:

Missiles
 a - 90 arrows
 A - 5 javelins (quivered)
Armour
 b - a +0 robe (worn)
 s - a +0 helmet (worn)
 t - a scarf of repulsion (worn)
 x - a +0 cloak
 B - a +0 pair of gloves (worn)
Jewellery
 u - a ring of protection from magic (left hand)
Wands
 w - a wand of flame (32)
Scrolls
 c - 3 scrolls of fog
 g - a scroll of fear {unknown}
 h - 6 scrolls of teleportation
 j - 2 scrolls of remove curse
 l - 4 scrolls of amnesia
 p - 2 scrolls of enchant armour
 y - a scroll of blinking {unknown}
 C - a scroll of noise {unknown}
 D - 2 scrolls of random uselessness {unknown}
Potions
 e - 6 potions of curing
 f - 2 potions of haste {unknown}
 i - a potion of invisibility
 k - 2 potions of ambrosia
 m - a potion of might
 n - a potion of resistance
 o - 2 potions of magic
 q - 3 potions of brilliance
 r - a potion of berserk rage {unknown}
 v - a potion of flight
 E - 2 potions of cancellation {unknown}
 F - a potion of lignification {unknown}
 G - a potion of agility {unknown}
Comestibles
 d - 21 rations


   Skills:
 + Level 5.8 Fighting
 + Level 5.2 Short Blades
 + Level 5.2 Long Blades
 + Level 5.2 Axes
 + Level 5.2 Maces & Flails
 + Level 5.2 Polearms
 + Level 5.2 Staves
 + Level 5.2 Slings
 + Level 5.2 Bows
 + Level 5.2 Crossbows
 + Level 5.2 Throwing
 + Level 5.2 Armour
 + Level 7.0 Dodging
 + Level 5.2 Stealth
 + Level 5.2 Shields
 + Level 8.4 Unarmed Combat
 + Level 7.3 Spellcasting
 + Level 4.2 Conjurations
 + Level 4.2 Hexes
 + Level 4.2 Charms
 + Level 4.2 Summonings
 + Level 4.2 Necromancy
 + Level 4.2 Translocations
 + Level 5.8 Transmutations
 + Level 4.2 Fire Magic
 + Level 4.2 Ice Magic
 + Level 4.2 Air Magic
 + Level 4.2 Earth Magic
 + Level 4.2 Poison Magic
 + Level 5.7 Invocations
 + Level 5.2 Evocations


You had 12 spell levels left.
You knew the following spells:

 Your Spells              Type           Power        Failure   Level  Hunger
a - Beastly Appendage     Tmut           #####.       1%          1    None
b - Sticks to Snakes      Tmut           #####...     1%          2    None
c - Spider Form           Tmut/Pois      ####......   2%          3    None
d - Blade Hands           Tmut           #####.....   16%         5    #####..


Dungeon Overview and Level Annotations

Branches:
Dungeon (8/15)             Temple (1/1) D:4
   Lair: D:8-11

Altars:
Ashenzari
Cheibriados
Dithmenos
Elyvilon
Fedhas
Hepliaklqana
Kikubaaqudgha
Makhleb
Okawaru
Qazlal
Sif Muna
Trog
Vehumet
Xom
Zin
The Shining One

Shops:
D:4 *   D:5 [

Annotations:
D:8 nikopol's ghost, novice DEFE


Innate Abilities, Weirdness & Mutations

Your experience applies equally to all skills.
You have very sharp teeth.
Your uncanny sense of smell can sniff out nearby items.


Message History

Your +0 robe unmelds from your body.
You are surrounded by a repulsion field.
Your ball python barely misses nikopol's ghost.
Nikopol's ghost closely misses your ball python.
You feel sick.
Your ball python misses nikopol's ghost.
Nikopol's ghost hits your ball python.
Your ball python dies!
The basilisk misses you. The basilisk gazes at you.
You resist with almost no effort.
You feel sick. The basilisk bites you!
* * * LOW HITPOINT WARNING * * *
Okay, then.
You feel better. The basilisk gazes at you. You resist with almost no effort.
Nikopol's ghost hits you but does no damage.
The basilisk bites you!
You die...

#...........# #.# #.#
#...........#####.# #.#
#.........<.......# #.#
#..........######## #.#
#########..# ########.#
##..###.....##.#
#.....'<....##.######
#.#..##.....##......#
#####.#..##@....#######.####
#.....#...#lW...# #.........
#.....'.........# #.##..####
. #.....#...#.....#
#.##..### .
#.....#...#.....# #.......#
.#
#.....#.#.#.....#####.#####
#. #.....#)#.......'.# #.#
..####.....#W#.......#.# #.#
.........S..l#.......#.# #.#


You could see a basilisk and nikopol's ghost.

Vanquished Creatures
  A hornet (D:7)
  2 hippogriffs
  4 hogs (D:7)
  A human (D:7)
  Grum (D:8)
  Duvessa (D:6)
  2 porcupines (D:8)
  2 ice beasts
  An orc warrior (D:5)
  A sky beast (D:8)
  5 black bears
  4 ogres
  4 wolves (D:8)
  2 centaurs
  A crocodile (D:8)
  A big kobold (D:8)
  Dowan (D:6)
  A wyvern skeleton (D:6)
  A scorpion (D:6)
  A killer bee (D:8)
  4 crimson imps
  2 orc priests
  Crazy Yiuf (D:3)
  A gnoll shaman (D:8)
  4 hounds
  A bullfrog skeleton (D:7)
  Jessica (D:2)
  An iguana (D:4)
  4 orc wizards
  7 worker ants
  A hound skeleton (D:4)
  Robin (D:4)
  6 gnolls
  10 adders
  A shadow imp (D:5)
  2 oozes (D:1)
  A worm (D:2)
  A dart slug (D:1)
  4 leopard geckos
  11 orcs
  6 bats
  6 giant cockroaches
  8 hobgoblins
  5 jackals
  10 kobolds
  3 quokkas
  2 ball pythons
  A ball python skeleton (D:4)
  A ball python zombie (D:6)
  10 frilled lizards
  18 goblins
  7 rats
178 creatures vanquished.

Vanquished Creatures (collateral kills)
  A howler monkey (D:4)
1 creature vanquished.

Vanquished Creatures (others)
  3 fungi (D:8)
  9 plants (D:8)
12 creatures vanquished.

Grand Total: 191 creatures vanquished

Notes
Turn   | Place    | Note
-------+----------+-------------------------------------------
     0 | D:1      | grindst0ne the Gnoll Transmuter began the quest for the Orb.
     0 | D:1      | Reached XP level 1. HP: 17/17 MP: 6/6
   187 | D:1      | Reached XP level 2. HP: 9/23 MP: 5/7
   573 | D:1      | You fall through a shaft!
   594 | D:2      | Reached XP level 3. HP: 28/28 MP: 7/9
   611 | D:2      | Learned a level 2 spell: Sticks to Snakes
   615 | D:2      | Learned a level 3 spell: Spider Form
   648 | D:1      | Reached skill level 5 in Spellcasting
   987 | D:2      | Reached skill level 1 in Invocations
  1170 | D:2      | Reached skill level 1 in Short Blades
  1170 | D:2      | Reached skill level 1 in Long Blades
  1170 | D:2      | Reached skill level 1 in Axes
  1170 | D:2      | Reached skill level 1 in Maces & Flails
  1170 | D:2      | Reached skill level 1 in Polearms
  1170 | D:2      | Reached skill level 1 in Staves
  1170 | D:2      | Reached skill level 1 in Slings
  1170 | D:2      | Reached skill level 1 in Bows
  1170 | D:2      | Reached skill level 1 in Crossbows
  1170 | D:2      | Reached skill level 1 in Throwing
  1170 | D:2      | Reached skill level 1 in Armour
  1170 | D:2      | Reached skill level 1 in Stealth
  1170 | D:2      | Reached skill level 1 in Shields
  1170 | D:2      | Reached skill level 1 in Evocations
  1170 | D:2      | Reached XP level 4. HP: 26/34 MP: 9/11
  1629 | D:2      | Noticed Jessica
  1636 | D:2      | Killed Jessica
  1636 | D:2      | Reached skill level 1 in Conjurations
  1636 | D:2      | Reached skill level 1 in Hexes
  1636 | D:2      | Reached skill level 1 in Charms
  1636 | D:2      | Reached skill level 1 in Summonings
  1636 | D:2      | Reached skill level 1 in Necromancy
  1636 | D:2      | Reached skill level 1 in Translocations
  1636 | D:2      | Reached skill level 1 in Fire Magic
  1636 | D:2      | Reached skill level 1 in Ice Magic
  1636 | D:2      | Reached skill level 1 in Air Magic
  1636 | D:2      | Reached skill level 1 in Earth Magic
  1636 | D:2      | Reached skill level 1 in Poison Magic
  2035 | D:3      | Found a runed door.
  2565 | D:3      | Found a hazy altar of Hepliaklqana.
  2567 | D:3      | Found a glowing silver altar of Zin.
  2617 | D:3      | Reached XP level 5. HP: 34/40 MP: 8/12
  2812 | D:3      | Found a shadowy altar of Dithmenos.
  3059 | D:3      | Noticed Crazy Yiuf
  3068 | D:3      | Killed Crazy Yiuf
  3203 | D:4      | Found Penilar's Elemental Accessories.
  3220 | D:4      | Learned a level 5 spell: Blade Hands
  3291 | D:4      | Reached XP level 6. HP: 31/47 MP: 10/13
  3327 | D:4      | Noticed Robin
  3350 | D:4      | Killed Robin
  3680 | D:4      | Reached skill level 5 in Dodging
  3728 | D:4      | Found a white marble altar of Elyvilon.
  3803 | D:4      | Found an ancient bone altar of Kikubaaqudgha.
  3884 | D:4      | Reached XP level 7. HP: 52/52 MP: 9/15
  3923 | D:4      | Found a staircase to the Ecumenical Temple.
  3936 | Temple   | Entered the Ecumenical Temple
  4012 | Temple   | Became a worshipper of Cheibriados the Contemplative
  4444 | D:5      | Entered Level 5 of the Dungeon
  4460 | D:5      | Reached skill level 7 in Unarmed Combat
  4639 | D:5      | Found a snail-covered altar of Cheibriados.
  4759 | D:5      | Found Oquclosm's Antique Armour Shoppe.
  4782 | D:5      | Bought a glowing scarf for 152 gold pieces
  5103 | D:5      | Reached * piety under Cheibriados
  5103 | D:5      | Reached XP level 8. HP: 49/60 MP: 12/16
  6260 | D:6      | Noticed Duvessa
  6297 | D:6      | Noticed Dowan
  6302 | D:6      | Killed Duvessa
  6305 | D:6      | Killed Dowan
  6305 | D:6      | Reached ** piety under Cheibriados
  6876 | D:7      | Reached XP level 9. HP: 24/66 MP: 13/18
  7144 | D:7      | Reached skill level 5 in Transmutations
  7264 | D:7      | Noticed a hornet
  7271 | D:7      | Paralysed by a hornet for 1 turns
  7272 | D:7      | Killed a hornet
  7542 | D:7      | Reached skill level 5 in Fighting
  7653 | D:7      | Found a shimmering altar of Xom.
  7654 | D:7      | Found a burning altar of Makhleb.
  7938 | D:7      | Reached skill level 8 in Unarmed Combat
  7943 | D:7      | Reached skill level 5 in Invocations
  8525 | D:8      | Reached XP level 10. HP: 74/74 MP: 17/20
  8549 | D:8      | Noticed Grum
  8571 | D:8      | Killed Grum
  8898 | D:8      | Reached *** piety under Cheibriados
  8898 | D:8      | Reached skill level 5 in Short Blades
  8898 | D:8      | Reached skill level 5 in Long Blades
  8898 | D:8      | Reached skill level 5 in Axes
  8898 | D:8      | Reached skill level 5 in Maces & Flails
  8898 | D:8      | Reached skill level 5 in Polearms
  8898 | D:8      | Reached skill level 5 in Staves
  8898 | D:8      | Reached skill level 5 in Slings
  8898 | D:8      | Reached skill level 5 in Bows
  8898 | D:8      | Reached skill level 5 in Crossbows
  8898 | D:8      | Reached skill level 5 in Throwing
  8898 | D:8      | Reached skill level 5 in Armour
  8898 | D:8      | Reached skill level 5 in Stealth
  8898 | D:8      | Reached skill level 5 in Shields
  8898 | D:8      | Reached skill level 5 in Evocations
  9366 | D:8      | Noticed nikopol's ghost (novice DEFE)
  9403 | D:8      | HP: 1/76 [basilisk (14)]
  9405 | D:8      | Slain by a basilisk

Vault maps used:
D:1:      dpeg_arrival_signposts, minmay_pentomino_p2
D:2:      first_ration, minmay_distorted, uniq_jessica
D:3:      lemuel_coloured_pillars_altar,
          chequers_temple_overflow_statue_of_worship, uniq_crazy_yiuf_cottage
D:4:      lemuel_crystal_altar, old_standard_altar, minmay_temple_entry_hall,
          nicolae_elemental_shop, uniq_robin
D:5:      basic_altar, serial_shops, shop, kennysheep_potato
D:6:      uniq_duvessa
D:7:      grunt_temple_overflow_champion_of_chaos, grunt_livestock,
          kennysheep_generic_room_5
D:8:      nicolae_ru_the_path_less_chosen, minmay_lair_entry_grove, uniq_grum
Temple:   oiseaux_autumnal_temple

Skill      XL: |  1  2  3  4  5  6  7  8  9 10 |
---------------+-------------------------------+-----
Spellcasting   | 5 6 7 |  7.3
Invocations    | 1 2 3 4 5 |  5.7
Short Blades   | 1 2 3 4 5 |  5.2
Long Blades    | 1 2 3 4 5 |  5.2
Axes           | 1 2 3 4 5 |  5.2
Maces & Flails | 1 2 3 4 5 |  5.2
Polearms       | 1 2 3 4 5 |  5.2
Staves         | 1 2 3 4 5 |  5.2
Slings         | 1 2 3 4 5 |  5.2
Bows           | 1 2 3 4 5 |  5.2
Crossbows      | 1 2 3 4 5 |  5.2
Throwing       | 1 2 3 4 5 |  5.2
Armour         | 1 2 3 4 5 |  5.2
Stealth        | 1 2 3 4 5 |  5.2
Shields        | 1 2 3 4 5 |  5.2
Evocations     | 1 2 3 4 5 |  5.2
Conjurations   | 1 2 3 4 |  4.2
Hexes          | 1 2 3 4 |  4.2
Charms         | 1 2 3 4 |  4.2
Summonings     | 1 2 3 4 |  4.2
Necromancy     | 1 2 3 4 |  4.2
Translocations | 1 2 3 4 |  4.2
Fire Magic     | 1 2 3 4 |  4.2
Ice Magic      | 1 2 3 4 |  4.2
Air Magic      | 1 2 3 4 |  4.2
Earth Magic    | 1 2 3 4 |  4.2
Poison Magic   | 1 2 3 4 |  4.2
Fighting       | 3 4 5 |  5.8
Transmutations | 4 5 |  5.8
Dodging        | 5 6 7 |  7.0
Unarmed Combat | 7 8 |  8.4

Action                   |  1- 3 |  4- 6 |  7- 9 | 10-12 || total
-------------------------+-------+-------+-------+-------++-------
Melee: Unarmed           |    73 |   150 |   215 |    82 ||   520
       Headbutt          |     6 |       |       |       ||     6
       Punch             |     4 |       |     1 |       ||     5
       Bite              |     5 |     2 |     1 |       ||     8
       Kick              |     2 |     5 |       |       ||     7
 Cast: Beastly Appendage |    15 |     3 |       |       ||    18
       Spider Form       |     1 |    23 |    37 |     7 ||    68
       Sticks to Snakes  |       |     4 |       |     6 ||    10
  Use: Potion            |       |     1 |       |     3 ||     4
       Scroll            |       |    11 |     4 |       ||    15
 Stab: Sleeping          |     1 |     2 |     4 |       ||     7
  Eat: Chunk             |     1 |    10 |    11 |     1 ||    23
Armor: Robe              |     7 |     4 |     4 |     5 ||    20
       Skin              |       |     5 |     4 |     5 ||    14
Dodge: Dodged            |    50 |   134 |   227 |   135 ||   546
       Deflected         |       |       |     1 |       ||     1

Table legend:
 A = Spawn XP
 B = Non-spawn XP
 C = Spawn XP percentage of total XP
 D = Spawn monster count
 E = Non-spawn monster count
 F = Spawn count percentage of total count
 G = Total turns spent on level
                    A         B        C        D         E        F      G
               +---------+---------+-------+---------+---------+-------+---------
         Total |       0 |    6633 |   0.0 |       0 |     179 |   0.0 |  9405
               +---------+---------+-------+---------+---------+-------+---------
           D:1 |       0 |      52 |   0.0 |       0 |      27 |   0.0 |   902
           D:2 |       0 |      83 |   0.0 |       0 |      14 |   0.0 |  1028
           D:3 |       0 |     103 |   0.0 |       0 |      26 |   0.0 |  1225
           D:4 |       0 |     450 |   0.0 |       0 |      30 |   0.0 |  1184
           D:5 |       0 |     628 |   0.0 |       0 |      20 |   0.0 |  1313
           D:6 |       0 |     905 |   0.0 |       0 |      15 |   0.0 |  1033
           D:7 |       0 |    2217 |   0.0 |       0 |      19 |   0.0 |  1658
           D:8 |       0 |    2195 |   0.0 |       0 |      28 |   0.0 |   957
               +---------+---------+-------+---------+---------+-------+---------
